Flames vs Golden Knights

Created - January 23, 2024 at 08:46

Goals
1 2 3 OT1 T
Flames 1 1 0 1 3
Golden Knights 0 2 0 0 2
Shots
1 2 3 OT1 T
Flames 11 10 7 2 30
Golden Knights 7 10 10 2 29

GoalsPenalties
1st period
1. Flames , Lawson Crouse 15 (John Tavares 18, Adam Larsson 22) at 2:07
Marcus Foligno (VGK) for Roughing (Minor) at 2:35
Lawson Crouse (CGY) for Hooking (Minor) at 5:58
Travis Hamonic (VGK) for Hooking (Minor) at 8:18
Josh Morrissey (CGY) for Slashing (Minor) at 11:37
Jordan Staal (CGY) for Interference (Minor) at 16:24
2nd period
2. Golden Knights , Rafael Harvey-Pinard 5 (Mattias Janmark 2) at 7:12
3. Golden Knights , Miro Heiskanen 9 (Artemi Panarin 19, Nathan MacKinnon 20) at 10:11 (PP)
4. Flames , Sebastian Aho 21 (Josh Morrissey 34) at 11:23
Adam Larsson (CGY) for Roughing (Minor) at 9:16
Jordan Staal (CGY) for Tripping (Minor) at 14:17
3rd period
No Goal
Jared Spurgeon (CGY) for Interference (Minor) at 12:04
Overtime #1
5. Flames , Alex DeBrincat 11 (Jared Spurgeon 27) at 2:55
No Penalty
Goalie Stats
Vitek Vanecek (CGY), 27 saves from 29 shots - (0.931), W, 17-14-3, 62:56 minutes
Ilya Samsonov (VGK), 27 saves from 30 shots - (0.900), OTL, 17-12-7, 62:56 minutes
3 StarsOfficial
1 - Sebastian Aho (CGY)
2 - Alex DeBrincat (CGY)
3 - Lawson Crouse (CGY)
Referees : Garrett Rank and Ryan Hersey
Linesman : James Tobias and Steve Barton
Game Note
No Game Note
Finance
Level 1 -- Attendance: 6331 (97.40%) -- Ticket Income $696,410
Level 2 -- Attendance: 4818 (96.36%) -- Ticket Income $395,076
Level 3 -- Attendance: 2970 (84.86%) -- Ticket Income $187,110
Level 4 -- Attendance: 3149 (89.03%) -- Ticket Income $62,980
Luxury Box -- Attendance: 972 (97.20%) -- Ticket Income $218,700
Game was played at the T-Mobile Arena.
Total Attendance: 18240 (93.36%)
Total Ticket Income: $1,560,276
Other Income: $390,069
Total Income: $1,950,345



Team Name Goals Shots Shots Attemp Shots Blocked PIM HIT PP PK FO%
Flames 330591112180 / 2 (0%)158%
Golden Knights 22950124271 / 6 (17%)042%

Flames
Player Name POS G A P +/- PIM HIT SHT SB MP PP MP PP SHT PK MP PK SHT FO% FOT
Adam LarssonD0111240024:101:2904:3400% 0
Alex DeBrincatRW1011006013:211:2220:000100% 1
Alex OvechkinLW0000032015:452:3600:4600% 0
Calvin de HaanD000-1020113:440:0001:3900% 0
Erik GudbransonD000-1000016:210:0005:0600% 0
Esa LindellD0001000119:481:2900:1100% 0
Jakub VranaLW000000206:420:0006:4220% 0
Jared SpurgeonD0112200223:422:2904:5900% 0
John TavaresC0110001018:001:2200:00050% 20
Jordan EberleRW0000004016:380:0000:000100% 2
Jordan KyrouC0001004020:272:3610:0000% 0
Jordan StaalC0000410215:030:0004:22064% 33
Josh MorrisseyD0111220425:082:2905:1100% 0
Lawson CrouseLW1010243016:370:0000:0000% 0
Pierre-Edouard BellemareLW000000003:220:0003:2200% 0
Sean KuralyC000000114:590:0004:59167% 9
Sebastian AhoC1012014023:122:3611:29048% 31
Steven StamkosC0001013020:531:2220:00067% 6
Golden Knights
Player Name POS G A P +/- PIM HIT SHT SB MP PP MP PP SHT PK MP PK SHT FO% FOT
Adam BoqvistD0000000022:035:1502:1900% 0
Artemi PanarinLW011-2024027:256:3002:4900% 0
Derek GrantC000000000:000:0000:0000% 0
Jack RoslovicC0000004012:550:0000:00041% 17
Jake EvansC000000000:000:0000:0000% 0
Kirby DachC0000002013:160:0000:00050% 2
Marcus FolignoLW0000281120:304:2000:0000% 1
Mark StoneRW000-1037124:206:3011:09040% 5
Mattias JanmarkC0110000011:490:0000:0000% 0
Miro HeiskanenD101-2041428:245:3511:5500% 0
Nathan MacKinnonC011-2030027:256:3002:49042% 45
Rafael Harvey-PinardLW1010023012:550:0000:0000% 0
Sean WalkerD0000010011:490:0000:0000% 0
T.J. OshieRW0000012020:314:2000:0000% 1
Tomas HertlC0000002022:364:2001:09045% 31
Travis HamonicD0000222120:525:1511:0900% 0
Vladislav NamestnikovC000000000:000:0000:0000% 0
Zach WerenskiD000-1011527:585:3512:3300% 0



Play-by-Play

1st period


0:01 of 1st period - Mark Stone wins face-off versus Sebastian Aho in neutral zone.
0:38 of 1st period - Icing by Miro Heiskanen.
0:39 of 1st period - John Tavares wins face-off versus Nathan MacKinnon in Golden Knights zone.
0:56 of 1st period - Shot by Jordan Eberle.
0:56 of 1st period - Shot Blocked by Mark Stone.
0:59 of 1st period - Icing by Miro Heiskanen.
1:00 of 1st period - Jordan Staal wins face-off versus Nathan MacKinnon in Golden Knights zone.
1:53 of 1st period - Shot by T.J. Oshie.
1:53 of 1st period - Shot Misses the Net.
1:57 of 1st period - Shot by T.J. Oshie.
1:57 of 1st period - Stopped by Vitek Vanecek without a rebound.
1:58 of 1st period - Jack Roslovic wins face-off versus John Tavares in Flames zone.
2:07 of 1st period - Shot by John Tavares.
2:07 of 1st period - Deflect By Lawson Crouse.
2:07 of 1st period - Goal by Lawson Crouse - Flames : 1 - Golden Knights : 0.
2:08 of 1st period - Jack Roslovic wins face-off versus John Tavares in neutral zone.
2:12 of 1st period - Off-side.
2:13 of 1st period - Jordan Eberle wins face-off versus Kirby Dach in neutral zone.
2:26 of 1st period - Shot by Kirby Dach.
2:26 of 1st period - Stopped by Vitek Vanecek with a rebound.
2:28 of 1st period - Shot by Zach Werenski.
2:28 of 1st period - Shot Misses the Net.
2:33 of 1st period - Icing by Adam Larsson.
2:34 of 1st period - John Tavares wins face-off versus Tomas Hertl in Flames zone.
2:34 of 1st period - John Tavares is hit by Marcus Foligno.
2:35 of 1st period - Minor Penalty to Marcus Foligno for Roughing.
2:36 of 1st period - Sebastian Aho wins face-off versus Nathan MacKinnon in Golden Knights zone.
2:47 of 1st period - Shot by Jordan Kyrou.
2:47 of 1st period - Stopped by Ilya Samsonov without a rebound.
2:48 of 1st period - Nathan MacKinnon wins face-off versus John Tavares in Golden Knights zone.
3:09 of 1st period - Shot by Alex DeBrincat.
3:09 of 1st period - Stopped by Ilya Samsonov without a rebound.
3:10 of 1st period - Mark Stone wins face-off versus Sebastian Aho in Golden Knights zone.
4:56 of 1st period - Shot by Lawson Crouse.
4:56 of 1st period - Shot Misses the Net.
5:52 of 1st period - Tomas Hertl is hit by Lawson Crouse and loses puck.
5:58 of 1st period - Minor Penalty to Lawson Crouse for Hooking.
5:59 of 1st period - Jordan Staal wins face-off versus Nathan MacKinnon in Flames zone.
6:09 of 1st period - Off-side.
6:10 of 1st period - Jordan Staal wins face-off versus Nathan MacKinnon in neutral zone.
6:10 of 1st period - Jordan Staal is hit by Nathan MacKinnon.
6:42 of 1st period - Icing by Miro Heiskanen.
6:43 of 1st period - Jordan Staal wins face-off versus Nathan MacKinnon in Golden Knights zone.
6:43 of 1st period - Jordan Staal is hit by Zach Werenski.
6:51 of 1st period - Shot by Jakub Vrana.
6:51 of 1st period - Shot Misses the Net.
6:55 of 1st period - Shot by Jakub Vrana.
6:55 of 1st period - Shot Misses the Net.
6:57 of 1st period - Shot by Jakub Vrana.
6:57 of 1st period - Stopped by Ilya Samsonov without a rebound.
6:58 of 1st period - Sean Kuraly wins face-off versus Tomas Hertl in Golden Knights zone.
7:05 of 1st period - Shot by Travis Hamonic.
7:05 of 1st period - Shot Blocked by Sean Kuraly.
7:07 of 1st period - Shot by Travis Hamonic.
7:07 of 1st period - Shot Blocked by Josh Morrissey.
7:23 of 1st period - Shot by Travis Hamonic.
7:23 of 1st period - Shot Misses the Net.
7:25 of 1st period - Shot by Travis Hamonic.
7:25 of 1st period - Stopped by Vitek Vanecek without a rebound.
7:26 of 1st period - Nathan MacKinnon wins face-off versus Jordan Staal in Flames zone.
7:39 of 1st period - Shot by Miro Heiskanen.
7:39 of 1st period - Shot Blocked by Josh Morrissey.
7:41 of 1st period - Shot by Artemi Panarin.
7:41 of 1st period - Shot Blocked by Josh Morrissey.
7:43 of 1st period - Shot by Artemi Panarin.
7:43 of 1st period - Deflect By Nathan MacKinnon.
7:43 of 1st period - Shot Misses the Net.
7:45 of 1st period - Shot by Mark Stone.
7:45 of 1st period - Shot Blocked by Jared Spurgeon.
7:49 of 1st period - Shot by Miro Heiskanen.
7:49 of 1st period - Shot Misses the Net.
7:51 of 1st period - Shot by Zach Werenski.
7:51 of 1st period - Stopped by Vitek Vanecek without a rebound.
7:52 of 1st period - Sean Kuraly wins face-off versus Tomas Hertl in Flames zone.
8:07 of 1st period - Shot by Rafael Harvey-Pinard.
8:07 of 1st period - Stopped by Vitek Vanecek without a rebound.
8:08 of 1st period - Sebastian Aho wins face-off versus Tomas Hertl in Flames zone.
8:08 of 1st period - Sebastian Aho is hit by Marcus Foligno.
8:18 of 1st period - Minor Penalty to Travis Hamonic for Hooking.
8:19 of 1st period - Nathan MacKinnon wins face-off versus Steven Stamkos in Golden Knights zone.
8:31 of 1st period - Shot by Steven Stamkos.
8:31 of 1st period - Stopped by Ilya Samsonov without a rebound.
8:32 of 1st period - Nathan MacKinnon wins face-off versus Sebastian Aho in Golden Knights zone.
9:09 of 1st period - Shot by Sebastian Aho.
9:09 of 1st period - Stopped by Ilya Samsonov without a rebound.
9:10 of 1st period - Steven Stamkos wins face-off versus Mark Stone in Golden Knights zone.
9:18 of 1st period - Shot by Jared Spurgeon.
9:18 of 1st period - Shot Misses the Net.
9:20 of 1st period - Shot by Alex DeBrincat.
9:20 of 1st period - Stopped by Ilya Samsonov without a rebound.
9:21 of 1st period - Steven Stamkos wins face-off versus Mark Stone in Golden Knights zone.
9:52 of 1st period - Shot by Steven Stamkos.
9:52 of 1st period - Stopped by Ilya Samsonov without a rebound.
9:53 of 1st period - Nathan MacKinnon wins face-off versus Sebastian Aho in Golden Knights zone.
11:37 of 1st period - Minor Penalty to Josh Morrissey for Slashing.
11:38 of 1st period - Tomas Hertl wins face-off versus Jordan Staal in Flames zone.
12:40 of 1st period - Off-side.
12:41 of 1st period - Jordan Staal wins face-off versus Nathan MacKinnon in neutral zone.
13:09 of 1st period - Shot by Mark Stone.
13:09 of 1st period - Stopped by Vitek Vanecek without a rebound.
13:10 of 1st period - Sean Kuraly wins face-off versus Tomas Hertl in Flames zone.
13:10 of 1st period - Sean Kuraly is hit by Marcus Foligno.
13:23 of 1st period - Off-side.
13:24 of 1st period - Nathan MacKinnon wins face-off versus Sean Kuraly in neutral zone.
14:00 of 1st period - Icing by Jordan Kyrou.
14:01 of 1st period - Sebastian Aho wins face-off versus Nathan MacKinnon in Flames zone.
14:01 of 1st period - Sebastian Aho is hit by Mark Stone.
14:17 of 1st period - Shot by Sebastian Aho.
14:17 of 1st period - Shot Misses the Net.
14:25 of 1st period - Shot by Nathan MacKinnon.
14:25 of 1st period - Shot Misses the Net.
14:27 of 1st period - Shot by Mark Stone.
14:27 of 1st period - Stopped by Vitek Vanecek with a rebound.
14:36 of 1st period - Icing by Adam Larsson.
14:37 of 1st period - Sebastian Aho wins face-off versus Tomas Hertl in Flames zone.
14:47 of 1st period - Icing by Tomas Hertl.
14:48 of 1st period - Tomas Hertl wins face-off versus Jordan Staal in Golden Knights zone.
14:59 of 1st period - Shot by Alex Ovechkin.
14:59 of 1st period - Shot Blocked by Travis Hamonic.
15:01 of 1st period - Shot by Alex DeBrincat.
15:01 of 1st period - Stopped by Ilya Samsonov without a rebound.
15:02 of 1st period - John Tavares wins face-off versus Nathan MacKinnon in Golden Knights zone.
15:07 of 1st period - Shot by Lawson Crouse.
15:07 of 1st period - Shot Blocked by Miro Heiskanen.
15:13 of 1st period - Shot by John Tavares.
15:13 of 1st period - Shot Blocked by Miro Heiskanen.
15:15 of 1st period - Shot by John Tavares.
15:15 of 1st period - Shot Blocked by Zach Werenski.
15:17 of 1st period - Shot by Jared Spurgeon.
15:17 of 1st period - Shot Blocked by Zach Werenski.
15:29 of 1st period - Shot by Lawson Crouse.
15:29 of 1st period - Shot Misses the Net.
15:31 of 1st period - Shot by Lawson Crouse.
15:31 of 1st period - Stopped by Ilya Samsonov without a rebound.
15:32 of 1st period - Sebastian Aho wins face-off versus Marcus Foligno in Golden Knights zone.
15:53 of 1st period - Sebastian Aho is hit by Marcus Foligno and loses puck.
16:02 of 1st period - Shot by Steven Stamkos.
16:02 of 1st period - Shot Misses the Net.
16:07 of 1st period - Icing by Adam Boqvist.
16:08 of 1st period - Jordan Staal wins face-off versus Tomas Hertl in Golden Knights zone.
16:23 of 1st period - Shot by Alex DeBrincat.
16:23 of 1st period - Shot Misses the Net.
16:24 of 1st period - Minor Penalty to Jordan Staal for Interference.
16:25 of 1st period - Sean Kuraly wins face-off versus Mark Stone in Flames zone.
17:02 of 1st period - Shot by Sean Kuraly.
17:02 of 1st period - Shot Hit the Post.
17:04 of 1st period - Shot by Sean Kuraly.
17:04 of 1st period - Stopped by Ilya Samsonov without a rebound.
17:05 of 1st period - Sean Kuraly wins face-off versus Tomas Hertl in Golden Knights zone.
18:30 of 1st period - Icing by Jordan Eberle.
18:31 of 1st period - John Tavares wins face-off versus Jack Roslovic in Flames zone.
19:10 of 1st period - Rafael Harvey-Pinard is hit by Adam Larsson.
19:43 of 1st period - Esa Lindell is hit by T.J. Oshie and loses puck.
Goals for this period are 1 for Flames vs 0 for Golden Knights.
Shots for this period are 11 for Flames vs 7 for Golden Knights.

2nd period


0:01 of 2nd period - Sebastian Aho wins face-off versus Nathan MacKinnon in neutral zone.
0:12 of 2nd period - Shot by Steven Stamkos.
0:12 of 2nd period - Shot Blocked by Zach Werenski.
1:05 of 2nd period - Shot by Alex Ovechkin.
1:05 of 2nd period - Stopped by Ilya Samsonov without a rebound.
1:06 of 2nd period - Tomas Hertl wins face-off versus John Tavares in Golden Knights zone.
1:16 of 2nd period - Icing by Calvin de Haan.
1:17 of 2nd period - John Tavares wins face-off versus Jack Roslovic in Flames zone.
2:06 of 2nd period - Off-side.
2:07 of 2nd period - Jordan Staal wins face-off versus Tomas Hertl in neutral zone.
2:46 of 2nd period - Icing by Miro Heiskanen.
2:47 of 2nd period - Sebastian Aho wins face-off versus Tomas Hertl in Golden Knights zone.
2:47 of 2nd period - Esa Lindell is hit by Miro Heiskanen and loses puck.
3:44 of 2nd period - Icing by Adam Boqvist.
3:45 of 2nd period - Jordan Staal wins face-off versus Nathan MacKinnon in Golden Knights zone.
4:04 of 2nd period - Shot by Artemi Panarin.
4:04 of 2nd period - Stopped by Vitek Vanecek without a rebound.
4:05 of 2nd period - Kirby Dach wins face-off versus John Tavares in Flames zone.
4:10 of 2nd period - Shot by Rafael Harvey-Pinard.
4:10 of 2nd period - Deflect By Kirby Dach.
4:10 of 2nd period - Shot Blocked by Calvin de Haan.
4:12 of 2nd period - Shot by Jack Roslovic.
4:12 of 2nd period - Stopped by Vitek Vanecek with a rebound.
4:14 of 2nd period - Shot by Jack Roslovic.
4:14 of 2nd period - Shot Misses the Net.
4:16 of 2nd period - Shot by Jack Roslovic.
4:16 of 2nd period - Stopped by Vitek Vanecek without a rebound.
4:17 of 2nd period - Nathan MacKinnon wins face-off versus Jordan Staal in Flames zone.
4:22 of 2nd period - Shot by Artemi Panarin.
4:22 of 2nd period - Shot Blocked by Jordan Staal.
4:24 of 2nd period - Shot by Artemi Panarin.
4:24 of 2nd period - Stopped by Vitek Vanecek without a rebound.
4:25 of 2nd period - Sebastian Aho wins face-off versus Nathan MacKinnon in Flames zone.
4:40 of 2nd period - Shot by Sebastian Aho.
4:40 of 2nd period - Stopped by Ilya Samsonov without a rebound.
4:41 of 2nd period - Jordan Staal wins face-off versus Tomas Hertl in Golden Knights zone.
4:41 of 2nd period - Alex Ovechkin is hit by Miro Heiskanen and loses puck.
4:53 of 2nd period - Icing by Jordan Staal.
4:54 of 2nd period - Nathan MacKinnon wins face-off versus Jordan Staal in Flames zone.
4:54 of 2nd period - Nathan MacKinnon is hit by Adam Larsson.
5:12 of 2nd period - Shot by Alex Ovechkin.
5:12 of 2nd period - Shot Misses the Net.
5:48 of 2nd period - Shot by Jordan Kyrou.
5:48 of 2nd period - Stopped by Ilya Samsonov with a rebound.
6:01 of 2nd period - Icing by Travis Hamonic.
6:02 of 2nd period - John Tavares wins face-off versus Nathan MacKinnon in Golden Knights zone.
6:23 of 2nd period - Zach Werenski is hit by Lawson Crouse and loses puck.
7:12 of 2nd period - Shot by Rafael Harvey-Pinard.
7:12 of 2nd period - Goal by Rafael Harvey-Pinard - Flames : 1 - Golden Knights : 1.
7:13 of 2nd period - Jack Roslovic wins face-off versus Sebastian Aho in neutral zone.
7:36 of 2nd period - Shot by Jack Roslovic.
7:36 of 2nd period - Stopped by Vitek Vanecek without a rebound.
7:37 of 2nd period - Jordan Staal wins face-off versus Nathan MacKinnon in Flames zone.
7:37 of 2nd period - Jordan Staal is hit by Artemi Panarin.
7:43 of 2nd period - Shot by Alex Ovechkin.
7:43 of 2nd period - Stopped by Ilya Samsonov without a rebound.
7:44 of 2nd period - Jack Roslovic wins face-off versus Jordan Staal in Golden Knights zone.
8:01 of 2nd period - Shot by Kirby Dach.
8:01 of 2nd period - Stopped by Vitek Vanecek without a rebound.
8:02 of 2nd period - Nathan MacKinnon wins face-off versus Sebastian Aho in Flames zone.
8:09 of 2nd period - Shot by Mark Stone.
8:09 of 2nd period - Stopped by Vitek Vanecek with a rebound.
8:35 of 2nd period - Shot by Mark Stone.
8:35 of 2nd period - Shot Misses the Net.
9:02 of 2nd period - Jordan Kyrou is hit by Travis Hamonic and loses puck.
9:16 of 2nd period - Minor Penalty to Adam Larsson for Roughing.
9:17 of 2nd period - Jordan Staal wins face-off versus Tomas Hertl in Flames zone.
10:11 of 2nd period - Shot by Miro Heiskanen.
10:11 of 2nd period - Goal by Miro Heiskanen - Flames : 1 - Golden Knights : 2.
10:12 of 2nd period - Jack Roslovic wins face-off versus John Tavares in neutral zone.
10:46 of 2nd period - Shot by John Tavares.
10:46 of 2nd period - Deflect By Jordan Eberle.
10:46 of 2nd period - Stopped by Ilya Samsonov without a rebound.
10:47 of 2nd period - Jordan Staal wins face-off versus Nathan MacKinnon in Golden Knights zone.
10:56 of 2nd period - Icing by Josh Morrissey.
10:57 of 2nd period - Jordan Staal wins face-off versus Nathan MacKinnon in Flames zone.
11:07 of 2nd period - Icing by Zach Werenski.
11:08 of 2nd period - Sebastian Aho wins face-off versus Nathan MacKinnon in Golden Knights zone.
11:09 of 2nd period - Shot by Jordan Kyrou.
11:09 of 2nd period - Stopped by Ilya Samsonov without a rebound.
11:10 of 2nd period - Nathan MacKinnon wins face-off versus Sebastian Aho in Golden Knights zone.
11:10 of 2nd period - Nathan MacKinnon is hit by Steven Stamkos.
11:21 of 2nd period - Shot by Josh Morrissey.
11:21 of 2nd period - Shot Misses the Net.
11:23 of 2nd period - Shot by Sebastian Aho.
11:23 of 2nd period - Goal by Sebastian Aho - Flames : 2 - Golden Knights : 2.
11:24 of 2nd period - Tomas Hertl wins face-off versus Jordan Staal in neutral zone.
11:27 of 2nd period - Adam Larsson is hit by Marcus Foligno and loses puck.
11:50 of 2nd period - Jordan Staal is hit by Marcus Foligno.
12:06 of 2nd period - Icing by Alex DeBrincat.
12:07 of 2nd period - Jordan Staal wins face-off versus Nathan MacKinnon in Flames zone.
12:07 of 2nd period - Jordan Staal is hit by Artemi Panarin.
12:41 of 2nd period - Shot by Mark Stone.
12:41 of 2nd period - Shot Misses the Net.
12:45 of 2nd period - Shot by Artemi Panarin.
12:45 of 2nd period - Shot Misses the Net.
13:05 of 2nd period - Off-side.
13:06 of 2nd period - Tomas Hertl wins face-off versus John Tavares in neutral zone.
13:40 of 2nd period - Icing by Travis Hamonic.
13:41 of 2nd period - Tomas Hertl wins face-off versus Sebastian Aho in Golden Knights zone.
14:12 of 2nd period - Shot by Steven Stamkos.
14:12 of 2nd period - Stopped by Ilya Samsonov without a rebound.
14:13 of 2nd period - Nathan MacKinnon wins face-off versus Jordan Staal in Golden Knights zone.
14:13 of 2nd period - Miro Heiskanen is hit by Alex Ovechkin and loses puck.
14:17 of 2nd period - Minor Penalty to Jordan Staal for Tripping.
14:18 of 2nd period - Nathan MacKinnon wins face-off versus Sean Kuraly in Flames zone.
15:22 of 2nd period - Shot by Adam Boqvist.
15:22 of 2nd period - Deflect By Marcus Foligno.
15:22 of 2nd period - Shot Blocked by Jared Spurgeon.
15:46 of 2nd period - Tomas Hertl is hit by Alex Ovechkin and loses puck.
16:02 of 2nd period - Icing by Zach Werenski.
16:03 of 2nd period - Nathan MacKinnon wins face-off versus Sean Kuraly in Golden Knights zone.
16:18 of 2nd period - Shot by Rafael Harvey-Pinard.
16:18 of 2nd period - Stopped by Vitek Vanecek without a rebound.
16:19 of 2nd period - John Tavares wins face-off versus Jack Roslovic in Flames zone.
16:19 of 2nd period - Josh Morrissey is hit by Rafael Harvey-Pinard and loses puck.
16:45 of 2nd period - Rafael Harvey-Pinard is hit by Calvin de Haan and loses puck.
17:16 of 2nd period - Icing by Esa Lindell.
17:17 of 2nd period - Sebastian Aho wins face-off versus Nathan MacKinnon in Flames zone.
17:58 of 2nd period - Adam Larsson is hit by Mark Stone and loses puck.
18:41 of 2nd period - John Tavares is hit by Marcus Foligno and loses puck.
18:52 of 2nd period - Shot by Lawson Crouse.
18:52 of 2nd period - Stopped by Ilya Samsonov with a rebound.
19:12 of 2nd period - Shot by Jordan Eberle.
19:12 of 2nd period - Stopped by Ilya Samsonov without a rebound.
19:13 of 2nd period - Jordan Staal wins face-off versus Jack Roslovic in Golden Knights zone.
19:20 of 2nd period - Shot by Alex Ovechkin.
19:20 of 2nd period - Shot Misses the Net.
19:34 of 2nd period - Icing by Jordan Staal.
19:35 of 2nd period - Jordan Staal wins face-off versus Nathan MacKinnon in Flames zone.
19:50 of 2nd period - Alex Ovechkin is hit by Nathan MacKinnon.
Goals for this period are 1 for Flames vs 2 for Golden Knights.
Shots for this period are 10 for Flames vs 10 for Golden Knights.

3rd period


0:01 of 3rd period - Nathan MacKinnon wins face-off versus Sebastian Aho in neutral zone.
1:06 of 3rd period - Marcus Foligno is hit by Sebastian Aho and loses puck.
1:15 of 3rd period - Shot by Tomas Hertl.
1:15 of 3rd period - Stopped by Vitek Vanecek with a rebound.
1:17 of 3rd period - Shot by Marcus Foligno.
1:17 of 3rd period - Stopped by Vitek Vanecek without a rebound.
1:18 of 3rd period - John Tavares wins face-off versus Jack Roslovic in Flames zone.
2:22 of 3rd period - Shot by Tomas Hertl.
2:22 of 3rd period - Stopped by Vitek Vanecek without a rebound.
2:23 of 3rd period - Jordan Staal wins face-off versus Nathan MacKinnon in Flames zone.
2:34 of 3rd period - Erik Gudbranson is hit by Mark Stone and loses puck.
2:47 of 3rd period - Shot by Artemi Panarin.
2:47 of 3rd period - Stopped by Vitek Vanecek without a rebound.
2:48 of 3rd period - Tomas Hertl wins face-off versus Sebastian Aho in Flames zone.
3:12 of 3rd period - Icing by Travis Hamonic.
3:13 of 3rd period - Jordan Staal wins face-off versus Tomas Hertl in Golden Knights zone.
3:19 of 3rd period - Icing by Travis Hamonic.
3:20 of 3rd period - Alex DeBrincat wins face-off versus Tomas Hertl in Golden Knights zone.
3:30 of 3rd period - Icing by Adam Boqvist.
3:31 of 3rd period - Tomas Hertl wins face-off versus John Tavares in Golden Knights zone.
3:31 of 3rd period - Tomas Hertl is hit by Lawson Crouse.
4:50 of 3rd period - Artemi Panarin is hit by Adam Larsson and loses puck.
5:10 of 3rd period - Artemi Panarin is hit by Alex Ovechkin and loses puck.
5:16 of 3rd period - Zach Werenski is hit by Adam Larsson and loses puck.
5:38 of 3rd period - Kirby Dach is hit by Calvin de Haan and loses puck.
5:52 of 3rd period - Off-side.
5:53 of 3rd period - Tomas Hertl wins face-off versus Sebastian Aho in neutral zone.
6:19 of 3rd period - Shot by Jordan Kyrou.
6:19 of 3rd period - Stopped by Ilya Samsonov without a rebound.
6:20 of 3rd period - John Tavares wins face-off versus Jack Roslovic in Golden Knights zone.
6:30 of 3rd period - Icing by Mattias Janmark.
6:31 of 3rd period - Jack Roslovic wins face-off versus Jordan Staal in Golden Knights zone.
6:31 of 3rd period - Jack Roslovic is hit by Jordan Staal.
6:36 of 3rd period - Icing by Sean Walker.
6:37 of 3rd period - John Tavares wins face-off versus Jack Roslovic in Golden Knights zone.
6:46 of 3rd period - Jared Spurgeon is hit by Rafael Harvey-Pinard and loses puck.
7:33 of 3rd period - Josh Morrissey is hit by Nathan MacKinnon and loses puck.
8:17 of 3rd period - Sebastian Aho is hit by Miro Heiskanen and loses puck.
8:47 of 3rd period - Icing by Erik Gudbranson.
8:48 of 3rd period - Tomas Hertl wins face-off versus Jordan Staal in Flames zone.
9:13 of 3rd period - Shot by Alex Ovechkin.
9:13 of 3rd period - Shot Misses the Net.
9:16 of 3rd period - Icing by Travis Hamonic.
9:17 of 3rd period - Jordan Eberle wins face-off versus T.J. Oshie in Golden Knights zone.
9:30 of 3rd period - Shot by T.J. Oshie.
9:30 of 3rd period - Stopped by Vitek Vanecek without a rebound.
9:31 of 3rd period - Sebastian Aho wins face-off versus Jack Roslovic in Flames zone.
10:12 of 3rd period - Off-side.
10:13 of 3rd period - Nathan MacKinnon wins face-off versus John Tavares in neutral zone.
10:19 of 3rd period - Nathan MacKinnon is hit by Josh Morrissey and loses puck.
10:42 of 3rd period - Shot by Jordan Eberle.
10:42 of 3rd period - Stopped by Ilya Samsonov without a rebound.
10:43 of 3rd period - Jordan Staal wins face-off versus Tomas Hertl in Golden Knights zone.
10:48 of 3rd period - Shot by Alex DeBrincat.
10:48 of 3rd period - Stopped by Ilya Samsonov without a rebound.
10:49 of 3rd period - Tomas Hertl wins face-off versus Sebastian Aho in Golden Knights zone.
10:55 of 3rd period - Icing by Adam Larsson.
10:56 of 3rd period - Sebastian Aho wins face-off versus Nathan MacKinnon in Flames zone.
11:06 of 3rd period - Icing by Esa Lindell.
11:07 of 3rd period - Tomas Hertl wins face-off versus Sebastian Aho in Flames zone.
11:19 of 3rd period - Shot by Steven Stamkos.
11:19 of 3rd period - Shot Blocked by Miro Heiskanen.
11:21 of 3rd period - Shot by Steven Stamkos.
11:21 of 3rd period - Shot Blocked by Zach Werenski.
11:31 of 3rd period - Shot by Jordan Kyrou.
11:31 of 3rd period - Shot Misses the Net.
11:33 of 3rd period - Shot by Steven Stamkos.
11:33 of 3rd period - Shot Misses the Net.
11:37 of 3rd period - Shot by Steven Stamkos.
11:37 of 3rd period - Shot Blocked by Zach Werenski.
11:46 of 3rd period - Jordan Kyrou is hit by Miro Heiskanen and loses puck.
12:04 of 3rd period - Minor Penalty to Jared Spurgeon for Interference.
12:05 of 3rd period - Jordan Staal wins face-off versus Nathan MacKinnon in Flames zone.
12:24 of 3rd period - Shot by Jakub Vrana.
12:24 of 3rd period - Stopped by Ilya Samsonov without a rebound.
12:25 of 3rd period - Sean Kuraly wins face-off versus Nathan MacKinnon in Golden Knights zone.
12:45 of 3rd period - Pierre-Edouard Bellemare is hit by Travis Hamonic and loses puck.
12:54 of 3rd period - Shot by Pierre-Edouard Bellemare.
12:54 of 3rd period - Shot Misses the Net.
14:19 of 3rd period - Shot by Jack Roslovic.
14:19 of 3rd period - Stopped by Vitek Vanecek with a rebound.
14:30 of 3rd period - Icing by Mattias Janmark.
14:31 of 3rd period - Sebastian Aho wins face-off versus Jack Roslovic in Golden Knights zone.
15:45 of 3rd period - Shot by John Tavares.
15:45 of 3rd period - Shot Misses the Net.
15:47 of 3rd period - Shot by Jordan Eberle.
15:47 of 3rd period - Shot Blocked by Marcus Foligno.
15:57 of 3rd period - Shot by John Tavares.
15:57 of 3rd period - Stopped by Ilya Samsonov without a rebound.
15:58 of 3rd period - Nathan MacKinnon wins face-off versus Jordan Staal in Golden Knights zone.
16:35 of 3rd period - Shot by Mark Stone.
16:35 of 3rd period - Stopped by Vitek Vanecek without a rebound.
16:36 of 3rd period - Jack Roslovic wins face-off versus Sebastian Aho in Flames zone.
16:46 of 3rd period - Jack Roslovic is hit by Josh Morrissey and loses puck.
16:59 of 3rd period - Shot by Sebastian Aho.
16:59 of 3rd period - Stopped by Ilya Samsonov without a rebound.
17:00 of 3rd period - Tomas Hertl wins face-off versus John Tavares in Golden Knights zone.
17:00 of 3rd period - Tomas Hertl is hit by Lawson Crouse.
17:22 of 3rd period - Shot by Jordan Eberle.
17:22 of 3rd period - Stopped by Ilya Samsonov with a rebound.
17:59 of 3rd period - Jared Spurgeon is hit by Marcus Foligno and loses puck.
18:07 of 3rd period - Icing by Jared Spurgeon.
18:08 of 3rd period - Nathan MacKinnon wins face-off versus Jordan Staal in Flames zone.
18:17 of 3rd period - Shot by Artemi Panarin.
18:17 of 3rd period - Shot Blocked by Jordan Staal.
18:19 of 3rd period - Shot by Mark Stone.
18:19 of 3rd period - Stopped by Vitek Vanecek with a rebound.
18:21 of 3rd period - Shot by Travis Hamonic.
18:21 of 3rd period - Stopped by Vitek Vanecek without a rebound.
18:22 of 3rd period - Sebastian Aho wins face-off versus Jack Roslovic in Flames zone.
18:26 of 3rd period - Steven Stamkos is hit by Sean Walker and loses puck.
19:38 of 3rd period - Shot by Artemi Panarin.
19:38 of 3rd period - Shot Blocked by Esa Lindell.
19:40 of 3rd period - Shot by Mark Stone.
19:40 of 3rd period - Stopped by Vitek Vanecek without a rebound.
19:41 of 3rd period - Jordan Staal wins face-off versus Tomas Hertl in Flames zone.
Goals for this period are 0 for Flames vs 0 for Golden Knights.
Shots for this period are 7 for Flames vs 10 for Golden Knights.

Overtime #1


0:01 of 1st overtime period - Nathan MacKinnon wins face-off versus Steven Stamkos in neutral zone.
0:06 of 1st overtime period - Shot by Artemi Panarin.
0:06 of 1st overtime period - Stopped by Vitek Vanecek without a rebound.
0:07 of 1st overtime period - Steven Stamkos wins face-off versus Nathan MacKinnon in Flames zone.
0:16 of 1st overtime period - Shot by Steven Stamkos.
0:16 of 1st overtime period - Shot Blocked by Miro Heiskanen.
0:28 of 1st overtime period - Shot by Nathan MacKinnon.
0:28 of 1st overtime period - Shot Blocked by Josh Morrissey.
1:11 of 1st overtime period - Off-side.
1:12 of 1st overtime period - Sebastian Aho wins face-off versus Tomas Hertl in neutral zone.
1:36 of 1st overtime period - Shot by Alex DeBrincat.
1:36 of 1st overtime period - Stopped by Ilya Samsonov without a rebound.
1:37 of 1st overtime period - Steven Stamkos wins face-off versus Nathan MacKinnon in Golden Knights zone.
2:22 of 1st overtime period - Icing by Tomas Hertl.
2:23 of 1st overtime period - Tomas Hertl wins face-off versus Sebastian Aho in Golden Knights zone.
2:33 of 1st overtime period - Shot by Mark Stone.
2:33 of 1st overtime period - Stopped by Vitek Vanecek without a rebound.
2:34 of 1st overtime period - Nathan MacKinnon wins face-off versus Sebastian Aho in Flames zone.
2:55 of 1st overtime period - Shot by Alex DeBrincat.
2:55 of 1st overtime period - Goal by Alex DeBrincat - Flames : 3 - Golden Knights : 2.
Goals for this period are 1 for Flames vs 0 for Golden Knights.
Shots for this period are 2 for Flames vs 2 for Golden Knights.